 Dungeon Crawl Stone Soup version 0.19.5 (webtiles) character file.

11024 Rozenbaumfricks the Blocker (level 11, -5/83 HPs)
             Began as a Demonspawn Fighter on Apr 17, 2017.
             Slain by a manticore (7 damage)
             ... on level 10 of the Dungeon.
             The game lasted 00:56:00 (9223 turns).

Rozenbaumfricks the Blocker (Demonspawn Fighter)    Turns: 9223, Time: 00:56:02

Health: -5/83      AC: 17    Str: 19    XL:     11   Next: 43%
Magic:  0/11       EV: 11    Int: 10    God:
Gold:   706        SH: 11    Dex: 13    Spells: 0 memorised, 10 levels left

rFire  + . .     SeeInvis +     P - +14 obsidian axe {chop, +Fly SInv *Curse} (curse)
rCold  + . .     Gourm    .     O - +0 scale mail
rNeg   . . .     Faith    .     c - +0 shield
rPois  .         Spirit   +     b - +2 hat
rElec  .         Reflect  .     V - +2 cloak {MR+}
rCorr  .         Harm     .     a - +1 pair of gloves
MR     +....                    h - +0 pair of boots
Stlth  ..........               (no amulet)
                                g - ring of protection from cold
                                i - ring of protection from fire

@: exhausted, mesmerised, slowed, very slow
A: horns 1, spiny 1, magic shield
a: Evoke Flight


You were on level 10 of the Dungeon.
You were very hungry.

You visited 3 branches of the dungeon, and saw 13 of its levels.

You collected 706 gold pieces.

Inventory:

Hand Weapons
 P - the cursed +14 obsidian axe (weapon) {chop, +Fly SInv *Curse}
   (You found it on level 8 of the Dungeon)

   It inflicts extra damage upon your enemies.
   It lets you see invisible.
   It lets you fly.
   It may re-curse itself when equipped.
   It has a curse placed upon it.
 R - the +8 flail of the Hand {elec, Int+2}
   (You found it on level 1 of the Lair of Beasts)

   Occasionally, upon striking a foe, it will discharge some electrical energy
   and cause terrible harm.
   It affects your intelligence (+2).
Missiles
 l - a throwing net (quivered)
 z - 7 tomahawks
Armour
 a - a +1 pair of gloves (worn)
 b - a +2 hat (worn)
 c - a +0 shield (worn)
 h - a +0 pair of boots (worn)
 O - a +0 scale mail (worn)
 V - a +2 cloak of magic resistance (worn)
Jewellery
 g - a ring of protection from cold (right hand)
 i - a ring of protection from fire (left hand)
 N - an uncursed ring of positive energy
Wands
 d - a wand of enslavement (12/24)
 o - a wand of enslavement (12/24)
 q - a wand of lightning (8/15)
 C - a wand of lightning (6/15)
 D - a wand of flame (9/48)
 M - a wand of flame (22/48)
Scrolls
 j - a scroll of teleportation
 n - 3 scrolls of immolation
 p - a scroll of amnesia
 y - a scroll of noise
 A - 4 scrolls of magic mapping
 E - a scroll of enchant weapon
 G - a scroll of remove curse
 J - a scroll of fog
 K - a scroll of enchant armour
 L - 2 scrolls of silence {unknown}
 S - a scroll of vulnerability
 U - a scroll of recharging {unknown}
Potions
 e - 2 potions of flight {unknown}
 r - a potion of invisibility {unknown}
 s - 3 potions of cure mutation {unknown}
 v - 2 potions of agility {unknown}
 B - 3 potions of magic
 H - 2 potions of heal wounds {unknown}
Books
 I - a book of Frost

   Spells                             Type                      Level
   a - Freeze                         Ice                          1
   b - Throw Frost                    Conjuration/Ice              2
   c - Ozocubu's Armour               Charms/Ice                   3
   d - Throw Icicle                   Conjuration/Ice              4
   e - Summon Ice Beast               Ice/Summoning                4
Miscellaneous
 T - a fan of gales (inert)
Comestibles
 f - 7 bread rations
 k - 24 fruits
 t - a slice of pizza
 u - 6 meat rations
 x - 3 beef jerkies
 F - 2 royal jellies


   Skills:
 + Level 6.9 Fighting
   Level 2.0 Long Blades
 + Level 7.5(8.7) Axes
 - Level 6.4(8.1) Maces & Flails
   Level 1.2(4.9) Polearms
 + Level 8.1 Armour
 + Level 4.6 Dodging
 + Level 1.4 Stealth
 + Level 8.2 Shields


You had 10 spell levels left.
You didn't know any spells.

Dungeon Overview and Level Annotations

Branches:
Dungeon (10/15)            Temple (1/1) D:7            Lair (2/6) D:9
  Swamp: Lair:2-4    Shoals: Lair:2-4     Snake: Lair:2-4    Spider: Lair:2-4
    Orc: D:9-12

Altars:
Ashenzari
Cheibriados
Dithmenos
Elyvilon
Fedhas
Gozag
Hepliaklqana
Kikubaaqudgha
Makhleb
Nemelex Xobeh
Okawaru
Qazlal
Ru
Sif Muna
Trog
Uskayaw
Vehumet
Xom
Yredelemnul
Zin
The Shining One

Shops:
D:6 (==:   D:9 =(

Annotations:
D:10 Sonja, Urug


Innate Abilities, Weirdness & Mutations

You have a pair of small horns on your head.
You are partially covered in sharp spines.
When hurt, damage is shared between your health and your magic reserves.


Message History

The manticore claws your neqoxec.
The manticore barely misses your neqoxec.
Your neqoxec gestures.
The manticore flicks its tail.
The volley of spikes hits your neqoxec.
Your neqoxec dies!
Your ufetubus disappears in a puff of smoke!
The manticore bites you!!
* * * LOW HITPOINT WARNING * * *
The manticore barely misses you. The manticore claws you.
* * * LOW HITPOINT WARNING * * *
Found a meat ration.
You slice the manticore!!
You headbutt the manticore, but do no damage.
The manticore is severely wounded.
The manticore bites you!
* * * LOW HITPOINT WARNING * * *
You block the manticore's attack. The manticore closely misses you. x2
The manticore claws you!
You die...

#########
####.^..<..#########+##
...#.).....#...........
...#.......#...........
...#.......#...........
...+.......'...........
...#.......####'########
...########....)).......
...##.....#..$..@.......
..........#...##H##..##.
..........#..##.#. .#
..........#.##..... #
..........#.#%......
(.........#.##.[#!.##
.(........#.#... ..!#
..(##.....#.##.. ..##
...#####'##..##


You could see a manticore.

Vanquished Creatures
  A hydra (D:10)
  Pikel (D:8)
  The ghost of will825x the Grappler, a novice NaFi (D:6)
  Joseph (D:9)
  Maurice (D:10)
  3 spiny frogs
  A komodo dragon (Lair:1)
  An efreet (D:10)
  A tengu conjurer (D:9)
  A troll (D:9)
  Prince Ribbit (D:6)
  2 hippogriffs
  Sigmund (D:6)
  6 yaks (Lair:1)
  2 swamp worms (Lair:1)
  A porcupine (Lair:2)
  A water moccasin (Lair:1)
  An orc warrior (D:9)
  3 slaves (D:8)
  A hornet zombie (D:9)
  An ice beast (D:5)
  A sky beast (D:5)
  A phantom (D:6)
  3 centaurs
  3 ogres
  A crocodile (Lair:1)
  A big kobold (D:8)
  4 bullfrogs
  A gnoll sergeant (D:7)
  A wyvern skeleton (D:9)
  2 scorpions
  16 wights
  2 howler monkeys
  3 crimson imps
  A jelly (D:9)
  A quasit (D:6)
  A centaur zombie (D:8)
  A bullfrog zombie (D:10)
  A gnoll shaman (D:7)
  4 orc priests
  4 hounds
  A centaur skeleton (D:9)
  6 orc wizards
  2 worker ants
  A killer bee zombie (D:7)
  A hound zombie (D:6)
  11 gnolls
  6 adders
  2 adder skeletons
  An adder zombie (D:5)
  18 worms
  6 dart slugs
  4 leopard geckos
  33 orcs
  12 giant cockroaches
  4 goblins
  7 hobgoblins
  17 jackals
  5 quokkas
  2 ball pythons
  5 bats
  3 frilled lizards
  A jackal skeleton (D:4)
  6 kobolds
  A leopard gecko skeleton (D:5)
  A leopard gecko zombie (D:6)
  7 rats
  A fungus (Lair:2)
  3 plants (Lair:1)
251 creatures vanquished.

Vanquished Creatures (collateral kills)
  Gastronok (D:9)
  A hydra (Lair:1)
  2 swamp worms (Lair:1)
  A porcupine (Lair:1)
  A crocodile (Lair:1)
  A worker ant zombie (D:9)
7 creatures vanquished.

Vanquished Creatures (others)
  An adder skeleton (D:8)
  2 fungi (Lair:1)
  A plant (Lair:1)
4 creatures vanquished.

Grand Total: 262 creatures vanquished

Notes
Turn   | Place    | Note
-------+----------+-------------------------------------------
     0 | D:1      | Rozenbaumfricks the Demonspawn Fighter began the quest for the Orb.
     0 | D:1      | Reached XP level 1. HP: 18/18 MP: 1/1
   114 | D:1      | Gained mutation: You are partially covered in sharp spines. [demonic ancestry]
   114 | D:1      | Reached XP level 2. HP: 24/24 MP: 2/2
   627 | D:2      | Gained mutation: You have a pair of small horns on your head. [demonic ancestry]
   627 | D:2      | Reached XP level 3. HP: 29/29 MP: 3/3
   664 | D:2      | Found a snail-covered altar of Cheibriados.
   771 | D:2      | Found a stormy altar of Qazlal.
  1037 | D:2      | Reached XP level 4. HP: 25/35 MP: 2/4
  1252 | D:3      | Found a bloodstained altar of Trog.
  1289 | D:3      | Reached skill level 1 in Maces & Flails
  1533 | D:3      | Found an ancient bone altar of Kikubaaqudgha.
  1589 | D:3      | Reached XP level 5. HP: 41/41 MP: 5/5
  1927 | D:4      | Reached skill level 1 in Dodging
  2283 | D:4      | Found a white marble altar of Elyvilon.
  2308 | D:4      | Reached XP level 6. HP: 47/47 MP: 4/6
  2679 | D:5      | Entered Level 5 of the Dungeon
  2705 | D:5      | Reached XP level 7. HP: 35/53 MP: 4/7
  2748 | D:5      | Found an iron altar of Okawaru.
  2765 | D:5      | Found a shimmering altar of Xom.
  2768 | D:5      | Found a radiant altar of Vehumet.
  2771 | D:5      | Found a glowing golden altar of the Shining One.
  3349 | D:6      | Noticed Sigmund
  3359 | D:5      | Reached skill level 5 in Shields
  3416 | D:6      | Killed Sigmund
  3416 | D:6      | Reached XP level 8. HP: 55/60 MP: 6/8
  3421 | D:6      | Found Coajig's Jewellery Shoppe.
  3686 | D:6      | Found a radiant altar of Vehumet.
  3707 | D:6      | Found a basalt altar of Yredelemnul.
  3758 | D:6      | Noticed will825x's ghost (novice NaFi)
  3787 | D:6      | Killed will825x's ghost
  3787 | D:6      | Reached skill level 5 in Maces & Flails
  3787 | D:6      | Reached skill level 5 in Armour
  3799 | D:6      | Found a blossoming altar of Fedhas.
  3851 | D:6      | Found Pyunk's Antique Weapon Boutique.
  3917 | D:6      | Found Kofoal's Book Shop.
  3967 | D:6      | Found an opulent altar of Gozag.
  4160 | D:6      | Found Jyuneceg's Jewellery Emporium.
  4468 | D:7      | Noticed Prince Ribbit
  4552 | D:6      | Killed Prince Ribbit
  4552 | D:6      | Reached XP level 9. HP: 46/67 MP: 6/9
  4660 | D:6      | Reached skill level 1 in Stealth
  4875 | D:7      | Reached skill level 5 in Fighting
  4908 | D:7      | Got a scorched trident
  4909 | D:7      | Identified the +5 trident "Giantbane" {pierce, rN++ Dex+5} (You found it on level 7 of the Dungeon)
  5150 | D:7      | Found a staircase to the Ecumenical Temple.
  5176 | Temple   | Entered the Ecumenical Temple
  5593 | D:8      | Found a bloodstained altar of Trog.
  5751 | D:8      | Reached skill level 1 in Polearms
  6214 | D:8      | Noticed Pikel
  6234 | D:8      | Killed Pikel
  6234 | D:8      | Gained mutation: When hurt, damage is shared between your health and your magic reserves. [demonic ancestry]
  6234 | D:8      | Reached XP level 10. HP: 19/76 MP: 1/10
  6701 | D:9      | Found Myquh's Antique Weapon Boutique.
  6734 | D:9      | Found Bimu's Jewellery Boutique.
  6739 | D:9      | Found a staircase to the Lair.
  6919 | D:9      | Noticed Joseph
  6926 | D:9      | Killed Joseph
  7070 | D:9      | Noticed Gastronok
  7077 | D:9      | Killed Gastronok
  7122 | D:9      | Got an ichor-stained mace
  7123 | D:9      | Identified the +4 mace "Bohuyfeny" {freeze, Dex+4} (You found it on level 9 of the Dungeon)
  7356 | D:9      | Reached skill level 5 in Axes
  7469 | Lair:1   | Entered Level 1 of the Lair of Beasts
  7574 | Lair:1   | Noticed a spiny frog
  7582 | Lair:1   | Killed a spiny frog
  7640 | Lair:1   | Noticed a spiny frog
  7642 | Lair:1   | Killed a spiny frog
  7734 | Lair:1   | Got a pitted flail
  7836 | Lair:1   | Noticed a five-headed hydra
  7841 | Lair:1   | Killed an eight-headed hydra
  7841 | Lair:1   | Reached XP level 11. HP: 56/83 MP: 7/11
  8381 | Lair:1   | Noticed an eight-headed hydra
  8811 | Lair:1   | Identified the +8 flail of the Hand {elec, Int+2} (You found it on level 1 of the Lair of Beasts)
  8962 | D:10     | Entered Level 10 of the Dungeon
  8972 | D:10     | Noticed Sonja
  8975 | D:10     | Noticed Urug
  8985 | D:10     | Noticed Maurice
  8991 | D:10     | Killed Maurice
  9202 | D:10     | Noticed a seven-headed hydra
  9208 | D:10     | Noticed a soul eater
  9209 | D:10     | Killed a 12-headed hydra
  9223 | D:10     | HP: 2/83 [manticore (6)]
  9223 | D:10     | Slain by a manticore

Skill      XL: |  1  2  3  4  5  6  7  8  9 10 11 |
---------------+----------------------------------+-----
Long Blades    | 2 |  2.0
Armour         | 3 4 5 6 7 8 |  8.1
Shields        | 3 4 5 6 7 8 |  8.2
Maces & Flails | 1 2 3 4 6 |  6.4
Dodging        | 1 3 4 |  4.6
Fighting       | 4 5 6 |  6.9
Stealth        | 1 |  1.4
Polearms       | 1 |  1.2
Axes           | 2 6 7 |  7.5

Action                   |  1- 3 |  4- 6 |  7- 9 | 10-12 || total
-------------------------+-------+-------+-------+-------++-------
Melee: Long sword        |    45 |       |       |       ||    45
       Mace              |    42 |   128 |   188 |       ||   358
       Headbutt          |     2 |    25 |    53 |    24 ||   104
       Trident           |       |       |    54 |       ||    54
       Broad axe         |       |       |    24 |   139 ||   163
Throw: Tomahawk          |       |       |    13 |       ||    13
       Throwing net      |       |       |       |     1 ||     1
Evoke: Fan of gales      |       |       |       |     1 ||     1
  Use: Scroll            |     2 |     4 |     8 |    11 ||    25
       Potion            |       |     1 |     6 |     5 ||    12
 Stab: Distracted        |       |       |       |     1 ||     1
  Eat: Chunk             |     1 |     5 |     9 |     9 ||    24
       Fruit             |       |       |     1 |     2 ||     3
Armor: Scale mail        |    41 |    56 |   111 |    50 ||   258
Dodge: Dodged            |    22 |    31 |    86 |    72 ||   211
Block: Shield            |    55 |   101 |   161 |    79 ||   396
       Rpst.: Long sword |     5 |       |       |       ||     5
